 Dungeon Crawl Stone Soup version 0.26.1-2-gb8aa6d0cf2 (webtiles) character file.

Game seed: 5373578872348330783

268 nightchill the Cudgeller (level 6, -25/40 HPs)
             Began as a Gargoyle Fighter on Mar 1, 2021.
             Was a Follower of Ru.
             Annihilated by an ogre
             ... wielding a +0 giant club
              (28 damage)
             ... on level 4 of the Dungeon.
             The game lasted 00:05:48 (3809 turns).

nightchill the Cudgeller (Gargoyle Fighter)         Turns: 3809, Time: 00:05:48

Health: -25/40     AC:  7    Str: 19    XL:     6   Next: 21%
Magic:  6/6        EV:  7    Int: 11    God:    Ru [*.....]
Gold:   227        SH:  9    Dex:  9    Spells: 5/5 levels left

rFire    . . .     SeeInvis .   a - +0 flail
rCold    . . .     Faith    .   c - +0 kite shield
rNeg     + . .     Spirit   .   b - +0 scale mail
rPois    ∞         Reflect  .   k - +0 helmet
rElec    +         Harm     .   (no cloak)
rCorr    .         Rampage  .   (no gloves)
Will     .....                  (no boots)
Stlth    ..........             (no amulet)
HPRegen  0.13/turn              (no ring)
MPRegen  0.10/turn              (no ring)

@: no status effects
A: negative energy resistance 1, electricity resistance, unbreathing,
petrification resistance, miasma immunity, reduced AC 1, AC +4
a: Renounce Religion


You were on level 4 of the Dungeon.
You worshipped Ru.
Ru was aware of your devotion.
You visited 1 branch of the dungeon, and saw 4 of its levels.

You collected 227 gold pieces.

Inventory:

Hand Weapons
 a - a +0 flail (weapon)
 g - a +2 dagger of draining
Missiles
 l - 12 stones (quivered)
 q - 22 poisoned darts
Armour
 b - a +0 scale mail (worn)
 c - a +0 kite shield (worn)
 k - a +0 helmet (worn)
Wands
 o - a wand of acid (9)
Scrolls
 h - a scroll of fog {unknown}
 i - 2 scrolls of identify {unknown}
 j - 2 scrolls of teleportation {unknown}
 m - a scroll of fear {unknown}
 n - 3 scrolls of enchant weapon {unknown}
 p - a scroll of magic mapping {unknown}
 r - a scroll of remove curse {unknown}
Potions
 d - a potion of lignification {unknown}
 e - a potion of ambrosia {unknown}
 f - 3 potions of curing {unknown}
 s - a potion of degeneration {unknown}


   Skills:
 + Level 5.0 Fighting
 * Level 5.3 Maces & Flails
 - Level 3.2 Armour
 - Level 3.2 Shields


You had 5 spell levels left.
You didn't know any spells.
Your spell library was empty.

Dungeon Overview and Level Annotations

Branches:
Dungeon (4/15)
 Temple: D:4-7

Altars:
Ashenzari
Fedhas
Gozag
Hepliaklqana
Makhleb
Ru


Innate Abilities, Weirdness & Mutations

You are resistant to torment.
Your stone body is resilient. (AC +4)
You are immune to poison.
You resist negative energy. (rN+)
You are resistant to electric shocks. (rElec)
You can survive without breathing.
You are immune to petrification.
You are immune to miasma.
You take slightly more damage. (AC -5)


Message History

You are too injured to fight recklessly!
You are too injured to fight recklessly!
You are too injured to fight recklessly!
You are too injured to fight recklessly!
Your shield and scale mail prevent you from hitting the ogre.
The ogre closely misses you.
Your scale mail prevents you from hitting the ogre.
The ogre hits you with a +0 giant club!
* * * LOW HITPOINT WARNING * * *
You hit the ogre.
The ogre is lightly wounded.
The ogre hits you but does no damage.
You hit the ogre.
The ogre is moderately wounded.
You block the ogre's attack.
You thump the ogre!
The ogre is severely wounded.
The ogre hits you with a +0 giant club!!
Ouch! That really hurt!
You die...

#...
###.##..###..#
....
+............. .
..
#.............
..
#.............
..###
#..###..###..#
##...###..######
#.....#....#
#....O#....#
#.....@....#
#.....#....+
#.....#....#
#.....#....#
#.....#....#
###..####### ###


You could see an ogre.

Vanquished Creatures
  An orc wizard (D:2)
  An orc priest (D:3)
  An iguana (D:4)
  Robin (D:3)
  7 adders
  3 worms
  4 dart slugs
  2 leopard geckos (D:1)
  7 orcs (D:3)
  A ball python (D:1)
  19 goblins
  9 hobgoblins
  4 jackals (D:1)
  A quokka (D:2)
  6 bats
  6 frilled lizards
  4 kobolds
  13 rats
90 creatures vanquished.

Notes
Turn   | Place    | Note
-------+----------+-------------------------------------------
     0 | D:1      | nightchill the Gargoyle Fighter began the quest for the
                  | Orb.
     0 | D:1      | Reached XP level 1. HP: 14/14 MP: 1/1
   278 | D:1      | Reached XP level 2. HP: 14/19 MP: 2/2
   448 | D:1      | Reached XP level 3. HP: 19/24 MP: 3/3
  1347 | D:2      | Found a sacrificial altar of Ru.
  1353 | D:2      | Reached XP level 4. HP: 26/29 MP: 4/4
  1401 | D:2      | Became a worshipper of Ru the Awakened
  1478 | D:2      | Reached XP level 5. HP: 33/34 MP: 5/5
  2354 | D:3      | Noticed Robin
  2627 | D:3      | Killed Robin
  2730 | D:3      | Reached skill level 5 in Maces & Flails
  2730 | D:3      | Reached XP level 6. HP: 6/40 MP: 6/6
  3045 | D:3      | Gained mutation: You take slightly more damage. (AC -5) [Ru
                  | sacrifice]
  3045 | D:3      | Reached * piety under Ru
  3698 | D:4      | Reached skill level 5 in Fighting
  3718 | D:4      | Found a hazy altar of Hepliaklqana.
  3719 | D:4      | Found a blossoming altar of Fedhas.
  3721 | D:4      | Found a burning altar of Makhleb.
  3721 | D:4      | Found an opulent altar of Gozag.
  3724 | D:4      | Found a broken altar of Ashenzari.
  3806 | D:4      | HP: 2/40 [ogre/+0 giant club (13)]
  3809 | D:4      | Annihilated by an ogre

Illustrated notes

Levels and vault maps discovered:
D:1:      lemuel_arrival_funnel, layout_loops_ring
D:2:      minmay_spotlight, layout_basic, nicolae_ru_great_annihilating_truth
D:3:      layout_loops_corners, uniq_robin
D:4:      layout_gridville, grunt_temple_overflow_open,
          kennysheep_generic_room_10

Skill      XL: |  1  2  3  4  5  6 |
---------------+-------------------+-----
Maces & Flails | 3 4 5 |  5.3
Fighting       | 4 5 |  5.0
Armour         | |  3.2
Shields        | |  3.2

Action                   |  1- 3 |  4- 6 || total
-------------------------+-------+-------++-------
Melee: Flail             |   142 |   212 ||   354
Invok: Sacrifice Health  |       |     1 ||     1
  Use: Potion            |       |     1 ||     1
 Stab: Paralysed         |       |     3 ||     3
Armor: Scale mail        |    82 |    92 ||   174
Dodge: Dodged            |    55 |    62 ||   117
Block: Kite shield       |    69 |    92 ||   161
